[Event "January 9 Early 2024"]
[Site "https://www.chess.com"]
[Date "2024.01.11"]
[Round "7"]
[White "Sharapov, Evgeny"]
[Black "Sarkar, Justin"]
[Result "1-0"]
[Board "65"]
[TimeControl "180+1"]
[WhiteFideId "14103133"]
[BlackFideId "2010011"]
[WhiteElo "2534"]
[BlackElo "2303"]
[WhiteTeam "UKR"]
[BlackTeam "USA"]
[WhiteClock "0:01:11"]
[BlackClock "0:00:02"]

1. e4 e5 2. Nf3 Nc6 3. Bb5 a6 4. Ba4 Nf6 5. d3 b5 6. Bb3 Be7 7. a4 Bb7 8. Nc3 b4 9. Nd5 O-O 10. O-O d6 11. Nxe7+ Qxe7 12. Bg5 Nd8 13. Nh4 Ne6 14. Nf5 Qd8 15. Bh4 Nf4 16. Qf3 c5 17. g3 Ne6 18. Nh6+ Kh8 19. Nxf7+ Rxf7 20. Bxe6 Rf8 21. Bc4 Qe8 22. Bxf6 Rxf6 23. Qg2 Qh5 24. f4 exf4 25. Rxf4 Raf8 26. Raf1 Qe5 27. Rxf6 Rxf6 28. Rxf6 gxf6 29. b3 f5 30. Qf2 1-0

[Event "January 9 Early 2024"]
[Site "https://www.chess.com"]
[Date "2024.01.11"]
[Round "7"]
[White "Hernandez Santos, David Ale"]
[Black "Szyszylo, Rafal"]
[Result "1-0"]
[Board "66"]
[TimeControl "180+1"]
[WhiteFideId "5132002"]
[BlackFideId "1109626"]
[WhiteElo "2027"]
[BlackElo "2387"]
[WhiteTeam "MEX"]
[BlackTeam "POL"]
[WhiteClock "0:01:04"]
[BlackClock "0:00:01"]

1. d4 g6 2. Nc3 d6 3. Bf4 Bg7 4. e3 Nc6 5. h4 Nf6 6. h5 Nxh5 7. Rxh5 gxh5 8. Qxh5 e5 9. Bg5 Qd7 10. Nd5 exd4 11. Bf6 Nb4 12. Bxg7 Nxd5 13. Bxh8 Qe6 14. Bc4 c6 15. Bxd4 Bd7 16. Bxd5 cxd5 17. Qxh7 O-O-O 18. Ne2 Qg4 19. Qxf7 Qxg2 20. O-O-O Bg4 21. Rg1 Qh3 22. Nf4 Qf3 23. Rxg4 Qxg4 24. Ne6 Qg1+ 25. Kd2 Qxf2+ 26. Qxf2 Rd7 27. Qf8+ 1-0

[Event "January 9 Early 2024"]
[Site "https://www.chess.com"]
[Date "2024.01.11"]
[Round "7"]
[White "Malek, Jan"]
[Black "Narayanan S L"]
[Result "1-0"]
[Board "67"]
[TimeControl "180+1"]
[WhiteFideId "21864080"]
[BlackFideId "5058422"]
[WhiteElo "2728"]
[BlackElo "2988"]
[WhiteTeam "POL"]
[BlackTeam "IND"]
[WhiteClock "0:00:18"]
[BlackClock "0:01:30"]

1. c4 a6 2. Nc3 c6 3. a4 a5 4. d4 g6 5. e4 Bg7 6. Be3 d6 7. h4 h5 8. Be2 Na6 9. Nf3 Bg4 10. Ng5 Bxe2 11. Qxe2 e5 12. O-O-O Qe7 13. Kb1 Nf6 14. f3 O-O 15. g4 Nb4 16. d5 Rfc8 17. Rhg1 Qc7 18. Rc1 Qd7 19. Bd2 Rc7 20. Be3 cxd5 21. cxd5 Rac8 22. Nb5 Rxc1+ 23. Rxc1 Rxc1+ 24. Bxc1 hxg4 25. fxg4 Nxg4 26. Nxd6 Qxa4 27. Qc4 Qd1 28. Ndxf7 Ne3 29. Qc8+ Bf8 30. Nh6+ Kg7 31. Qd7+ 1-0

[Event "January 9 Early 2024"]
[Site "https://www.chess.com"]
[Date "2024.01.11"]
[Round "7"]
[White "Zhu, Hengyi"]
[Black "Sierra Vallina, Lionel"]
[Result "1-0"]
[Board "68"]
[TimeControl "180+1"]
[WhiteFideId "8611211"]
[BlackFideId "54559774"]
[WhiteElo "2788"]
[BlackElo "2628"]
[WhiteTeam "CHN"]
[BlackTeam "ESP"]
[WhiteClock "0:00:49"]
[BlackClock "0:00:28"]

1. e4 c6 2. Nf3 d5 3. d3 e6 4. Nc3 Nf6 5. e5 Nfd7 6. d4 c5 7. dxc5 Bxc5 8. Bd3 Nc6 9. Bf4 Qc7 10. O-O f6 11. Nb5 Qb8 12. Bg3 fxe5 13. Ng5 Nf6 14. c4 a6 15. Nc3 Qd6 16. Bxh7 Nxh7 17. Qh5+ Kd7 18. Nf7 Qf8 19. cxd5 Nf6 20. dxc6+ Kxc6 21. Qxh8 Qxf7 22. Rac1 b5 23. b4 Bb7 24. Qh4 g5 25. Qxg5 Be7 26. Nd5+ Kd6 27. Qxe5+ Kd7 28. Rc7+ Kd8 29. Rxe7 1-0

[Event "January 9 Early 2024"]
[Site "https://www.chess.com"]
[Date "2024.01.11"]
[Round "7"]
[White "Onyshchuk, Volodymyr"]
[Black "Martinez Alcantara, Jose Eduardo"]
[Result "1-0"]
[Board "69"]
[TimeControl "180+1"]
[WhiteFideId "14114038"]
[BlackFideId "3805662"]
[WhiteElo "2796"]
[BlackElo "3016"]
[WhiteTeam "UKR"]
[BlackTeam "PER"]
[WhiteClock "0:01:19"]
[BlackClock "0:00:55"]

1. e4 c5 2. Nf3 d6 3. d4 cxd4 4. Nxd4 a6 5. Nc3 e6 6. Be2 Nf6 7. O-O b5 8. Bf3 Ra7 9. Be3 Rc7 10. Re1 Be7 11. a4 bxa4 12. Rxa4 O-O 13. Nb3 Nbd7 14. Be2 Rc6 15. Qa1 Ne5 16. Na5 Rc5 17. Bxc5 dxc5 18. Nb3 Nc6 19. Rd1 Qc7 20. Bxa6 Nb4 21. Bxc8 Qxc8 22. Rd2 Ng4 23. Qd1 Ne5 24. Qe2 h5 25. Ra7 Bg5 26. Rd1 Nec6 27. Raa1 Bf6 28. Na4 Nd4 29. Nxd4 cxd4 30. c3 dxc3 31. bxc3 Nc6 32. Qc4 Qe8 33. Qb5 Ne5 34. Qxe8 Rxe8 35. Nb6 Ng6 36. Ra3 Re7 37. c4 Rc7 38. Ra8+ Kh7 39. Rc8 Rb7 40. c5 Be5 41. Rd7 Rxd7 42. Nxd7 Bf4 43. g3 Ne7 44. Re8 Bg5 45. f4 Bxf4 46. Rxe7 Be3+ 47. Kf1 Bxc5 48. Nxc5 Kg6 49. Rc7 Kf6 50. Ke2 g5 51. Ke3 g4 52. Nd3 Kg6 53. Ne5+ Kf6 54. Nxf7 h4 55. gxh4 g3 56. hxg3 Kg6 57. g4 e5 58. Nxe5+ Kh6 59. g5+ Kh5 60. Rh7# 1-0

[Event "January 9 Early 2024"]
[Site "https://www.chess.com"]
[Date "2024.01.11"]
[Round "7"]
[White "Tulchynskyi, Feliks"]
[Black "Vakhlamov, Igor L."]
[Result "1-0"]
[Board "70"]
[TimeControl "180+1"]
[WhiteFideId "34127895"]
[BlackFideId "24126748"]
[WhiteElo "2574"]
[BlackElo "2749"]
[WhiteTeam "UKR"]
[BlackTeam "RUS"]
[WhiteClock "0:01:05"]
[BlackClock "0:00:15"]

1. c4 e6 2. Nc3 d5 3. d4 c5 4. cxd5 cxd4 5. Qxd4 Nc6 6. Qd1 exd5 7. Qxd5 Bd6 8. Bg5 Nge7 9. Qd2 h6 10. Bf4 Bxf4 11. Qxf4 O-O 12. e3 Qb6 13. O-O-O Bf5 14. Bd3 Bxd3 15. Rxd3 Rac8 16. a3 Ng6 17. Qa4 Nce5 18. Rd1 Rc5 19. Ne2 Rfc8 20. Qd4 Qa5 21. Qb4 Qa6 22. Kb1 Nd3 23. Rxd3 Qxd3+ 24. Ka1 b6 25. Rd1 Qf5 26. f3 Ne5 27. e4 Qe6 28. Nd4 Qe8 29. Nf5 Rd8 30. Nd5 Kh7 31. Qd4 g6 32. Nf6+ Kh8 33. Qxd8 Qxd8 34. Rxd8# 1-0

[Event "January 9 Early 2024"]
[Site "https://www.chess.com"]
[Date "2024.01.11"]
[Round "7"]
[White "Nigalidze, Gaioz"]
[Black "Ovezdurdyyeva, Jemal"]
[Result "0-1"]
[Board "71"]
[TimeControl "180+1"]
[WhiteFideId "13603078"]
[BlackFideId "14001888"]
[WhiteElo "2649"]
[BlackElo "2469"]
[WhiteTeam "GEO"]
[BlackTeam "TKM"]
[WhiteClock "0:00:02"]
[BlackClock "0:01:11"]

1. d4 Nf6 2. Nf3 b6 3. c4 Bb7 4. Nc3 e6 5. a3 d5 6. cxd5 Nxd5 7. Bd2 Bd6 8. g3 O-O 9. Bg2 c5 10. dxc5 Bxc5 11. O-O Nd7 12. b4 Be7 13. Rc1 a5 14. Nxd5 Bxd5 15. Qc2 axb4 16. Bxb4 Bxb4 17. axb4 Ra2 18. Qd3 Qe7 19. Rc7 Qd6 20. Ng5 g6 21. Bxd5 exd5 22. Rcc1 Ne5 23. Qe3 Nc4 24. Qd4 Rd2 25. Qc3 Rxe2 26. Nf3 Rb2 27. Rfd1 Rd8 0-1

[Event "January 9 Early 2024"]
[Site "https://www.chess.com"]
[Date "2024.01.11"]
[Round "7"]
[White "Mazurkiewicz, Michal"]
[Black "Caspi, Israel"]
[Result "0-1"]
[Board "72"]
[TimeControl "180+1"]
[WhiteFideId "1124943"]
[BlackFideId "2807394"]
[WhiteElo "2449"]
[BlackElo "2631"]
[WhiteTeam "POL"]
[BlackTeam "ISR"]
[WhiteClock "0:00:03"]
[BlackClock "0:01:03"]

1. e4 d5 2. exd5 Qxd5 3. d3 Nc6 4. Nc3 Qd6 5. g3 Nf6 6. Nf3 Bf5 7. Bg2 O-O-O 8. O-O e5 9. Re1 a6 10. Qe2 Bg4 11. Ne4 Qd7 12. c3 Qxd3 13. Qxd3 Rxd3 14. Neg5 Bh5 15. Nxe5 Nxe5 16. Rxe5 Rd1+ 17. Bf1 Bd6 18. Re3 h6 19. Ne4 Nxe4 20. Rxe4 Bg6 21. Re3 Bc5 22. Rf3 Re8 23. b3 Ree1 24. Be3 Rxf1+ 25. Kg2 Rxa1 26. Bxc5 Be4 0-1

[Event "January 9 Early 2024"]
[Site "https://www.chess.com"]
[Date "2024.01.11"]
[Round "7"]
[White "Materia, Marco"]
[Black "Lund, Gunnar"]
[Result "1-0"]
[Board "73"]
[TimeControl "180+1"]
[WhiteFideId "45150451"]
[BlackFideId "1520814"]
[WhiteElo "2822"]
[BlackElo "2660"]
[WhiteTeam "FRA"]
[BlackTeam "NOR"]
[WhiteClock "0:01:14"]
[BlackClock "0:00:05"]

1. Nf3 d5 2. e3 Nf6 3. c4 e6 4. Nc3 Be7 5. b3 O-O 6. Bb2 b6 7. Be2 Bb7 8. O-O dxc4 9. bxc4 c5 10. d3 Nc6 11. Nd2 Rc8 12. Nce4 Nb4 13. Nxf6+ Bxf6 14. Bxf6 Qxf6 15. a3 Nc6 16. Bf3 Rfd8 17. Qe2 Qe7 18. Rfd1 Ne5 19. Bxb7 Qxb7 20. Nf1 Rd7 21. f4 Nc6 22. Ra2 Rcd8 23. Ng3 Na5 24. Rad2 b5 25. cxb5 Qxb5 26. f5 exf5 27. Nxf5 c4 28. Nd4 cxd3 29. Rxd3 Qe5 30. h3 h6 31. Qg4 Qg5 32. Qe4 Nc4 33. Nf3 Rxd3 34. Rxd3 Rxd3 35. Qe8+ Kh7 36. Nxg5+ hxg5 37. Qe4+ 1-0

[Event "January 9 Early 2024"]
[Site "https://www.chess.com"]
[Date "2024.01.11"]
[Round "7"]
[White "Fernandez Garcia, Gumersindo"]
[Black "Souleidis, Georgios"]
[Result "1-0"]
[Board "74"]
[TimeControl "180+1"]
[WhiteFideId "24516740"]
[BlackFideId "4206827"]
[WhiteElo "2400"]
[BlackElo "2630"]
[WhiteTeam "ESP"]
[BlackTeam "GRE"]
[WhiteClock "0:01:14"]
[BlackClock "0:00:02"]

1. e4 c5 2. c3 d5 3. exd5 Qxd5 4. d4 Nf6 5. Nf3 e6 6. Be2 Nc6 7. O-O Be7 8. Be3 cxd4 9. cxd4 O-O 10. Nc3 Qd8 11. Ne5 Bd7 12. Bf3 Rc8 13. Nxd7 Qxd7 14. d5 exd5 15. Nxd5 Nxd5 16. Qxd5 Qxd5 17. Bxd5 Bf6 18. Rfd1 b6 19. Rab1 Rfd8 20. g3 g6 21. h4 Nb4 22. Bb3 Nd3 23. Rd2 Ne5 24. Rxd8+ Rxd8 25. Kg2 Ng4 26. Bf4 Bd4 27. Rc1 Rd7 28. f3 Ne3+ 29. Kh3 Nf5 30. g4 Ne7 31. Rd1 Nc6 32. Ba4 g5 1-0

[Event "January 9 Early 2024"]
[Site "https://www.chess.com"]
[Date "2024.01.11"]
[Round "7"]
[White "Kekic, Armin"]
[Black "Parfenov, Viktor N."]
[Result "0-1"]
[Board "75"]
[TimeControl "180+1"]
[WhiteFideId "14401274"]
[BlackFideId "4165969"]
[WhiteElo "2331"]
[BlackElo "2511"]
[WhiteTeam "BIH"]
[BlackTeam "RUS"]
[WhiteClock "0:00:38"]
[BlackClock "0:00:51"]

1. e4 e6 2. d4 d5 3. exd5 exd5 4. Bd3 c5 5. c3 Nf6 6. Ne2 Nc6 7. O-O c4 8. Bc2 Bd6 9. Nd2 O-O 10. Ng3 g6 11. h3 Re8 12. Nf3 Kg7 13. Bg5 h6 14. Bxf6+ Qxf6 15. Re1 Bd7 16. Nh2 h5 17. Nf3 b5 18. a3 a5 19. Nf1 Rxe1 20. Nxe1 Re8 21. Qf3 Qxf3 22. Nxf3 Re2 23. Rc1 b4 24. axb4 axb4 25. N1d2 Bf4 26. Rd1 Nxd4 27. cxd4 c3 28. bxc3 bxc3 29. g3 Bxd2 30. Nxd2 cxd2 31. Kf1 Bb5 32. Kg2 g5 33. Kf3 g4+ 34. hxg4 hxg4+ 35. Kxg4 Rxf2 36. Bb3 Be2+ 0-1

[Event "January 9 Early 2024"]
[Site "https://www.chess.com"]
[Date "2024.01.11"]
[Round "7"]
[White "Osmak, Yuliia"]
[Black "Fernandez Hernandez, Gerardo"]
[Result "1-0"]
[Board "76"]
[TimeControl "180+1"]
[WhiteFideId "14101602"]
[BlackFideId "2207400"]
[WhiteElo "2505"]
[BlackElo "2310"]
[WhiteTeam "UKR"]
[BlackTeam "ESP"]
[WhiteClock "0:01:05"]
[BlackClock "0:00:01"]

1. e4 e6 2. d4 d5 3. exd5 exd5 4. Nf3 Nc6 5. Bd3 Bd6 6. O-O Nge7 7. c3 Bg4 8. Re1 Qd7 9. Nbd2 f6 10. b4 O-O 11. a4 Rae8 12. a5 a6 13. Qb3 Nd8 14. c4 c6 15. b5 axb5 16. cxb5 cxb5 17. Bxb5 Ndc6 18. a6 bxa6 19. Rxa6 Qb7 20. Rxc6 Nxc6 21. Qxd5+ Kh8 22. Rxe8 Rxe8 23. Bxc6 Bxf3 24. Nxf3 Qb1 25. Qc4 Rc8 26. Nd2 Bf4 27. Nxb1 Re8 28. Be3 Bxe3 29. fxe3 Rxe3 30. Bf3 1-0

[Event "January 9 Early 2024"]
[Site "https://www.chess.com"]
[Date "2024.01.11"]
[Round "7"]
[White "Durarbayli, Vasif"]
[Black "Rasulov, Vugar"]
[Result "1-0"]
[Board "77"]
[TimeControl "180+1"]
[WhiteFideId "13402935"]
[BlackFideId "13402390"]
[WhiteElo "2827"]
[BlackElo "2975"]
[WhiteTeam "AZE"]
[BlackTeam "AZE"]
[WhiteClock "0:01:05"]
[BlackClock "0:00:21"]

1. e4 e5 2. Nc3 Nf6 3. d4 exd4 4. Qxd4 Nc6 5. Qd3 d5 6. Bf4 d4 7. Nb5 Bd6 8. Bxd6 cxd6 9. Nxd4 O-O 10. O-O-O Qa5 11. a3 Ne5 12. Qe3 Qb6 13. h3 Re8 14. Nge2 Be6 15. Nc3 Bc4 16. Nf5 Qxe3+ 17. Nxe3 Bxf1 18. Rhxf1 Re6 19. Rd2 Rc8 20. f3 a6 21. Rfd1 Rc6 22. Ne2 Rb6 23. Nf4 Re8 24. Rxd6 Rc6 25. Rxc6 Nxc6 26. Nf5 g6 27. Nd6 Re7 28. Nd5 Nxd5 29. Rxd5 h5 30. Kd2 h4 31. Ke3 Ne5 32. b3 Kg7 33. c4 Nd7 34. b4 b6 35. f4 Nf6 36. Rd1 Nh5 37. c5 bxc5 38. bxc5 Rc7 39. Ne8+ 1-0

[Event "January 9 Early 2024"]
[Site "https://www.chess.com"]
[Date "2024.01.11"]
[Round "7"]
[White "Wantiez, Fabrice"]
[Black "Demin, Vladimir"]
[Result "1-0"]
[Board "78"]
[TimeControl "180+1"]
[WhiteFideId "202274"]
[BlackFideId "4167457"]
[WhiteElo "2416"]
[BlackElo "2568"]
[WhiteTeam "BEL"]
[BlackTeam "RUS"]
[WhiteClock "0:00:40"]
[BlackClock "0:00:41"]

1. e4 e5 2. Nf3 Nc6 3. Bb5 a6 4. Ba4 Nf6 5. O-O Nxe4 6. d4 b5 7. d5 Ne7 8. Nxe5 bxa4 9. Re1 Nf6 10. d6 cxd6 11. Nc4 Qc7 12. Nxd6+ Kd8 13. Nxf7+ Ke8 14. Nd6+ Kd8 15. Bf4 Qb6 16. Nc3 Rg8 17. Nf7+ Ke8 18. Nd6+ Kd8 19. Qf3 Ra7 20. Nf7+ Ke8 21. Nd6+ Kd8 22. Rad1 Bb7 23. Qe2 Qc6 24. f3 a5 25. Qf2 Ra8 26. Ncb5 Ba6 27. Nf7+ Kc8 28. Nbd6+ Kb8 29. Nc4+ Kc8 30. Ncd6+ Kb8 31. Nb5+ Kc8 32. Na7+ Rxa7 33. Qxa7 d6 34. Nxd6+ Kd8 35. Nf5+ Ke8 36. Rxe7+ 1-0

[Event "January 9 Early 2024"]
[Site "https://www.chess.com"]
[Date "2024.01.11"]
[Round "7"]
[White "Dinu, Dumitru-Daniel"]
[Black "Mayaud, Raphael"]
[Result "1-0"]
[Board "79"]
[TimeControl "180+1"]
[WhiteFideId "1208403"]
[BlackFideId "627151"]
[WhiteElo "2491"]
[BlackElo "2302"]
[WhiteTeam "ROU"]
[BlackTeam "FRA"]
[WhiteClock "0:00:31"]
[BlackClock "0:00:31"]

1. e4 c6 2. Nf3 d5 3. exd5 cxd5 4. Ne5 Nc6 5. d4 Nxe5 6. dxe5 e6 7. Bd3 g6 8. O-O Bg7 9. Bf4 Ne7 10. Nd2 O-O 11. Nf3 Nc6 12. Qd2 Qc7 13. Rfe1 Bd7 14. h4 Rac8 15. h5 a5 16. a3 Qb6 17. Bh6 Ne7 18. Bxg7 Kxg7 19. Qg5 Ng8 20. Nh4 Qd8 21. Qg3 Ne7 22. Qf4 Ng8 23. Re3 Be8 24. Rg3 Kh8 25. hxg6 hxg6 26. Nxg6+ fxg6 27. Qxf8 Rc7 28. Bxg6 Bxg6 29. Qxd8 1-0

[Event "January 9 Early 2024"]
[Site "https://www.chess.com"]
[Date "2024.01.11"]
[Round "7"]
[White "Olenik Campa, Rudi"]
[Black "Carre, Sylvain"]
[Result "1/2-1/2"]
[Board "80"]
[TimeControl "180+1"]
[WhiteFideId "14633264"]
[BlackFideId "642118"]
[WhiteElo "2553"]
[BlackElo "2371"]
[WhiteTeam "SLO"]
[BlackTeam "FRA"]
[WhiteClock "0:01:15"]
[BlackClock "0:00:15"]

1. e4 e5 2. Nf3 Nf6 3. Nc3 Nc6 4. d4 exd4 5. Nxd4 Bb4 6. Nxc6 bxc6 7. Bd3 d5 8. O-O O-O 9. Bd2 Bxc3 10. Bxc3 dxe4 11. Bxf6 Qxf6 12. Bxe4 Qxb2 13. Bxc6 Rb8 14. Rb1 Qxb1 15. Qxb1 Rxb1 16. Rxb1 Be6 17. a3 Rd8 18. h4 h6 19. Rb7 Rd1+ 20. Kh2 Rd2 21. Kg3 g5 22. hxg5 hxg5 23. Be4 c5 24. Rxa7 f5 25. Bc6 Rxc2 26. a4 c4 27. a5 Ra2 28. a6 Kf8 29. Ra8+ Ke7 30. Re8+ Kd6 31. Bb7 f4+ 32. Kh2 c3 33. Rd8+ Ke5 34. Rd3 c2 35. Rc3 Bb3 36. g3 fxg3+ 37. Kxg3 Ra1 38. Kg4 c1=Q 39. Rxc1 Rxc1 40. a7 Ra1 41. a8=Q Rxa8 42. Bxa8 Kf6 43. f4 gxf4 44. Kxf4 1/2-1/2

[Event "January 9 Early 2024"]
[Site "https://www.chess.com"]
[Date "2024.01.11"]
[Round "7"]
[White "Modric, Nesa"]
[Black "Alexanian, Nelli"]
[Result "0-1"]
[Board "81"]
[TimeControl "180+1"]
[WhiteFideId "922579"]
[BlackFideId "4170539"]
[WhiteElo "2190"]
[BlackElo "1981"]
[WhiteTeam "SRB"]
[BlackTeam "TUR"]
[WhiteClock "0:00:06"]
[BlackClock "0:01:01"]

1. d4 Nf6 2. Bg5 c5 3. d5 b5 4. g3 Ne4 5. Bf4 g5 6. Bc1 Bg7 7. Bg2 Qa5+ 8. c3 f5 9. Bxe4 fxe4 10. Bxg5 d6 11. Bd2 Na6 12. e3 h5 13. h4 Bg4 14. Ne2 Bf3 15. Rg1 Nc7 16. Na3 Nxd5 17. c4 Nb4 18. Nxb5 Bxb2 19. a3 Nd3+ 20. Kf1 Qd8 21. Rb1 Qd7 22. g4 Bxg4 23. Rxb2 Bh3+ 24. Rg2 Qg4 25. Nc7+ Kf7 26. Ng3 Qxd1+ 0-1

[Event "January 9 Early 2024"]
[Site "https://www.chess.com"]
[Date "2024.01.11"]
[Round "7"]
[White "Pinheiro, Iung Alicio de O."]
[Black "Krzywda, Andrzej"]
[Result "1-0"]
[Board "82"]
[TimeControl "180+1"]
[WhiteFideId "2104350"]
[BlackFideId "1114565"]
[WhiteElo "2597"]
[BlackElo "2398"]
[WhiteTeam "BRA"]
[BlackTeam "POL"]
[WhiteClock "0:01:04"]
[BlackClock "0:00:28"]

1. e4 e5 2. Nf3 Nf6 3. d3 Nc6 4. g3 d5 5. exd5 Nxd5 6. Bg2 Bd6 7. O-O O-O 8. a3 a5 9. Nc3 Nxc3 10. bxc3 Re8 11. Nd2 a4 12. Rb1 Qe7 13. Nc4 Bc5 14. Re1 Qf6 15. Be3 Bf8 16. Qh5 g6 17. Qg5 Qxg5 18. Bxg5 Kg7 19. Bd2 Be6 20. Rxb7 Na5 21. Nxa5 Rxa5 22. c4 Ra6 23. Bb4 c5 24. Bc3 Bd6 25. f4 Kg8 26. Bxe5 Bf8 27. Bc3 Rd8 28. Reb1 Raa8 29. Kf2 Rac8 30. Ra7 Re8 31. Rxa4 Bg4 32. Bf3 Bxf3 33. Kxf3 Rc6 34. Re1 Rxe1 35. Bxe1 Re6 36. Bc3 h5 37. Ra8 f5 38. a4 Kf7 39. a5 Bg7 40. Ra7+ 1-0

[Event "January 9 Early 2024"]
[Site "https://www.chess.com"]
[Date "2024.01.11"]
[Round "7"]
[White "Tatarinov, Dmitry"]
[Black "Boldoo, Erdenepurev"]
[Result "1-0"]
[Board "83"]
[TimeControl "180+1"]
[WhiteFideId "24160067"]
[BlackFideId "4901037"]
[WhiteElo "2758"]
[BlackElo "2552"]
[WhiteTeam "RUS"]
[BlackTeam "MGL"]
[WhiteClock "0:01:13"]
[BlackClock "0:00:10"]

1. e4 c5 2. Nf3 d6 3. Bb5+ Nd7 4. a4 Nf6 5. Nc3 g6 6. O-O Bg7 7. Re1 O-O 8. h3 Ne5 9. Nxe5 dxe5 10. d3 Nh5 11. Be3 Qd6 12. a5 Be6 13. Bc4 Rac8 14. a6 b6 15. Nb5 Qb8 16. Bxe6 fxe6 17. c3 Nf4 18. Bxf4 exf4 19. Qb3 Rc6 20. Qc4 f3 21. g3 Kh8 22. d4 e5 23. d5 Rcf6 24. Red1 h5 25. Rd3 h4 26. g4 Rf4 27. d6 exd6 28. Rxd6 Qc8 29. Qe6 Qxe6 30. Rxe6 Rxe4 31. Nxa7 Ra8 32. Nb5 Rxa6 33. Rxa6 Re1+ 34. Kh2 Bh6 35. Ra8+ Kg7 36. Ra7+ Kh8 37. Re8+ 1-0

[Event "January 9 Early 2024"]
[Site "https://www.chess.com"]
[Date "2024.01.11"]
[Round "7"]
[White "Latreche, Khadidja"]
[Black "Delgado Kuffo, Andres"]
[Result "1-0"]
[Board "84"]
[TimeControl "180+1"]
[WhiteFideId "7901780"]
[BlackFideId "3600475"]
[WhiteElo "2151"]
[BlackElo "2290"]
[WhiteTeam "ALG"]
[BlackTeam "ECU"]
[WhiteClock "0:00:31"]
[BlackClock "0:00:32"]

1. e4 e6 2. Qe2 c5 3. Nf3 Nc6 4. g3 g6 5. Bg2 Bg7 6. c3 Nge7 7. O-O O-O 8. d3 b5 9. Na3 b4 10. cxb4 Nxb4 11. Be3 d6 12. Nc4 Ba6 13. a3 Nxd3 14. Qxd3 d5 15. exd5 exd5 16. b3 Rc8 17. Rac1 dxc4 18. Qxd8 Rfxd8 19. bxc4 Bb2 20. Rc2 Bd4 21. Bg5 Rc7 22. Re1 Rdd7 23. Bh3 f5 24. Re6 Nc6 25. Bh6 Kf7 26. Ng5+ 1-0

[Event "January 9 Early 2024"]
[Site "https://www.chess.com"]
[Date "2024.01.11"]
[Round "7"]
[White "Gutierrez Olivares, Daniel"]
[Black "Wagner, Dennis"]
[Result "0-1"]
[Board "85"]
[TimeControl "180+1"]
[WhiteFideId "2264005"]
[BlackFideId "24650684"]
[WhiteElo "2477"]
[BlackElo "2739"]
[WhiteTeam "ESP"]
[BlackTeam "GER"]
[WhiteClock "0:00:04"]
[BlackClock "0:01:06"]

1. Nf3 d5 2. c4 d4 3. e3 Nc6 4. d3 e5 5. e4 Bb4+ 6. Nbd2 a5 7. Be2 Nge7 8. O-O Ng6 9. g3 Bh3 10. Re1 h5 11. a3 Bd6 12. Bf1 Qd7 13. Bxh3 Qxh3 14. Ng5 Qg4 15. Qxg4 hxg4 16. f3 Be7 17. Nf1 Bxg5 18. Bxg5 gxf3 19. Kf2 f6 20. Bd2 a4 21. Kxf3 Kd7 22. Bb4 Rh3 23. Kg2 Rhh8 24. Re2 Nf8 25. Bxf8 Rhxf8 26. h4 Na5 27. g4 Nb3 28. Rd1 Ra6 29. Ng3 Ke6 30. h5 Rb6 31. Nf5 Kf7 32. Rf2 Nc5 33. Nh4 Rb3 34. Ng6 Re8 0-1

[Event "January 9 Early 2024"]
[Site "https://www.chess.com"]
[Date "2024.01.11"]
[Round "7"]
[White "Rogov, Matfey"]
[Black "Chan, Wei Xuan Timothy"]
[Result "0-1"]
[Board "86"]
[TimeControl "180+1"]
[WhiteFideId "44191308"]
[BlackFideId "5802032"]
[WhiteElo "2546"]
[BlackElo "2723"]
[WhiteTeam "RUS"]
[BlackTeam "SGP"]
[WhiteClock "0:00:03"]
[BlackClock "0:00:30"]

1. e4 e5 2. Nf3 Nc6 3. d4 exd4 4. c3 Nf6 5. e5 Ne4 6. Qe2 d5 7. exd6 f5 8. Ng5 Qxd6 9. f3 h6 10. Nh3 Bd7 11. fxe4 O-O-O 12. Bf4 Qc5 13. e5 g5 14. Bg3 Bg7 15. Qb5 Qe7 16. Be2 Nxe5 17. Qa5 d3 18. Qxa7 Nf3+ 19. Kd1 Qxe2+ 20. Kc1 Qc2# 0-1

[Event "January 9 Early 2024"]
[Site "https://www.chess.com"]
[Date "2024.01.11"]
[Round "7"]
[White "Bueno, Alfeu Junior Varela"]
[Black "De Sousa, Daniel Aguiar"]
[Result "1-0"]
[Board "87"]
[TimeControl "180+1"]
[WhiteFideId "2108879"]
[BlackFideId "44736797"]
[WhiteElo "2406"]
[BlackElo "2055"]
[WhiteTeam "BRA"]
[BlackTeam "BRA"]
[WhiteClock "0:00:41"]
[BlackClock "0:00:13"]

1. e4 c5 2. Nc3 Nc6 3. f4 d6 4. Bb5 Bd7 5. Nf3 a6 6. Bxc6 Bxc6 7. d3 e6 8. O-O b5 9. Be3 g6 10. f5 exf5 11. exf5 Bg7 12. Ng5 Nf6 13. Qe1 O-O 14. fxg6 hxg6 15. Qh4 Nh5 16. g4 f6 17. Nf3 Re8 18. Bd2 b4 19. Nd1 Re2 20. gxh5 Bxf3 21. Rxf3 Rxd2 22. hxg6 Qd7 23. Ne3 d5 24. Raf1 Bh8 25. Nxd5 Qg7 26. Nxf6+ Kf8 1-0

[Event "January 9 Early 2024"]
[Site "https://www.chess.com"]
[Date "2024.01.11"]
[Round "7"]
[White "Firouzja, Alireza"]
[Black "Pranav, V"]
[Result "1-0"]
[Board "88"]
[TimeControl "180+1"]
[WhiteFideId "12573981"]
[BlackFideId "25060783"]
[WhiteElo "3146"]
[BlackElo "3049"]
[WhiteTeam "FRA"]
[BlackTeam "IND"]
[WhiteClock "0:00:59"]
[BlackClock "0:00:18"]

1. e4 e5 2. Nf3 Nc6 3. Bb5 a6 4. Ba4 Nf6 5. O-O b5 6. Bb3 Bc5 7. a4 Rb8 8. axb5 axb5 9. Nxe5 Nxe5 10. d4 Bxd4 11. Qxd4 d6 12. f3 O-O 13. Bf4 c5 14. Qd2 c4 15. Ba2 Re8 16. Nc3 b4 17. Ne2 Be6 18. Nd4 Qc7 19. Bg5 Nfd7 20. f4 c3 21. Nxe6 fxe6 22. bxc3 bxc3 23. Qe2 Nf7 24. Bh4 Rb2 25. f5 Nc5 26. fxe6 Nxe6 27. Bxe6 Rxe6 28. Ra8+ Rb8 29. Qc4 1-0

[Event "January 9 Early 2024"]
[Site "https://www.chess.com"]
[Date "2024.01.11"]
[Round "7"]
[White "Llorente Zaro, Alfonso"]
[Black "Balla, Tamas-Kristof"]
[Result "1-0"]
[Board "89"]
[TimeControl "180+1"]
[WhiteFideId "2254131"]
[BlackFideId "1208497"]
[WhiteElo "2698"]
[BlackElo "2472"]
[WhiteTeam "ESP"]
[BlackTeam "ROU"]
[WhiteClock "0:01:08"]
[BlackClock "0:00:11"]

1. e4 c5 2. Nf3 Nc6 3. d4 cxd4 4. Nxd4 e5 5. Nb5 d6 6. N1c3 a6 7. Na3 b5 8. Nd5 Nge7 9. c4 Nxd5 10. cxd5 Nd4 11. Be3 g6 12. Bxd4 exd4 13. Bd3 Bg7 14. O-O O-O 15. Nc2 f5 16. exf5 Bxf5 17. Qd2 Rc8 18. Nb4 Rc5 19. Nxa6 Rxd5 20. Rac1 Bxd3 21. Qxd3 Kh8 22. Nc7 Re5 23. Nxb5 Qg5 24. a4 Ref5 25. Rcd1 Be5 26. Nxd4 Qh5 27. g3 R5f6 28. f4 Bxf4 29. gxf4 Rxf4 30. Rxf4 Rxf4 31. Rf1 Qg4+ 32. Kh1 Rxd4 33. Qe3 Qe4+ 34. Qxe4 Rxe4 35. Ra1 Rb4 36. Ra2 d5 37. a5 Rb8 38. a6 Kg7 39. b4 Ra8 40. b5 Kf7 41. b6 1-0

[Event "January 9 Early 2024"]
[Site "https://www.chess.com"]
[Date "2024.01.11"]
[Round "7"]
[White "Rangel, Daniel"]
[Black "Eggleston, Thomas A"]
[Result "1-0"]
[Board "90"]
[TimeControl "180+1"]
[WhiteFideId "2124475"]
[BlackFideId "412139"]
[WhiteElo "2501"]
[BlackElo "2260"]
[WhiteTeam "BRA"]
[BlackTeam "ENG"]
[WhiteClock "0:00:58"]
[BlackClock "0:00:01"]

1. c4 g6 2. g3 Bg7 3. Bg2 c5 4. Nc3 Nc6 5. e3 e5 6. Nge2 d6 7. O-O Nge7 8. Nd5 Nxd5 9. cxd5 Ne7 10. d4 cxd4 11. exd4 O-O 12. dxe5 Bxe5 13. Bh6 Re8 14. Nc3 Nf5 15. Bd2 h5 16. Ne4 Bxb2 17. Bg5 f6 18. Bf4 Be5 19. Bd2 Bd7 20. Bb4 Bb5 21. Re1 Rc8 22. Rb1 Bc4 23. h3 Bxa2 24. Ra1 Bxa1 25. Qxa1 Bc4 26. Nxf6+ Kf7 27. Nxe8 a5 28. Bxd6 Qg5 29. Bf4 Qd8 30. g4 hxg4 31. hxg4 Qd7 32. gxf5 Rxe8 33. fxg6+ Kxg6 34. Qb1+ 1-0